 Dungeon Crawl Stone Soup version 0.30-a0-1035-g38d5fb2972 (webtiles) character file.

Game seed: 16401432209398092738

16375 Ic0nGaming the Slicer (level 12, 0/73 HPs)
             Began as a Kobold Fighter on Apr 8, 2023.
             Was a Priest of Makhleb.
             Slain by Rupert
             ... wielding a +0 great sword of holy wrath
              (25 damage)
             ... on level 3 of the Lair of Beasts.
             The game lasted 00:35:36 (15869 turns).

Ic0nGaming the Slicer (Kobold Fighter)             Turns: 15869, Time: 00:35:36

Health: 0/73       AC: 22    Str: 16    XL:     12   Next: 69%
Magic:  18/18      EV:  8    Int:  7    God:    Makhleb [***...]
Gold:   396        SH:  8    Dex: 19    Spells: 11/11 levels left

rFire   . . .      SeeInvis +    z - +3 rapier "Tahiperph" {protect, Will+ Int-2 SInv}
rCold   . . .      Faith    .    c - +2 buckler
rNeg    + . .      Spirit   .    F - +0 plate armour
rPois   +          Reflect  .    g - +0 helmet
rElec   +          Rampage  .    (no cloak)
rCorr   .                        p - +0 pair of gloves
Will    ++...                    n - +0 pair of boots Stlth
                                 A - amulet of regeneration
HPRegen 1.12/turn                v - ring of Attitude {rElec rN+ Will+ Str+2}
MPRegen 0.16/turn                x - ring of poison resistance

@: mighty, under a protective aura, hasted, studying Polearms, very quick
A: small, no large weapons, nightstalker 3
a: Renounce Religion, Minor Destruction, Lesser Servant of Makhleb


You were on level 3 of the Lair of Beasts.
You worshipped Makhleb.
Makhleb was most pleased with you.
You visited 3 branches of the dungeon, and saw 15 of its levels.
You also visited: Ossuary.

You collected 2109 gold pieces.
You spent 1713 gold pieces at shops.

Inventory:

Hand Weapons
 a - a +1 rapier
 z - the +3 rapier "Tahiperph" (weapon) {protect, Will+ Int-2 SInv}
   (You acquired it on level 8 of the Dungeon)

   Int:       It affects your intelligence (-2).
   SInv:      It lets you see invisible.
   Will:      It increases your willpower.
Missiles
 i - 22 poisoned darts (quivered)
Armour
 c - a +2 buckler (worn)
 g - a +0 helmet (worn)
 n - a +0 pair of boots (worn)
 p - a +0 pair of gloves (worn)
 F - a +0 plate armour (worn)
Jewellery
 b - a +6 ring of dexterity
 e - the ring of Bochahon {+Blink rC+ Will+ Int+3}
   (You found it on level 2 of the Lair of Beasts)

   [ring of willpower]

   Int:       It affects your intelligence (+3).
   rC:        It protects you from cold.
   +Blink:    It lets you blink.
   Will:      It increases your willpower.
 v - the ring of Attitude (left hand) {rElec rN+ Will+ Str+2}
   (You bought it in a shop on level 8 of the Dungeon)

   [ring of willpower]

   Str:       It affects your strength (+2).
   rElec:     It insulates you from electricity.
   rN:        It protects you from negative energy.
   Will:      It increases your willpower.
 x - a ring of poison resistance (right hand)
 A - an amulet of regeneration (around neck)
 H - an amulet of reflection
Wands
 l - a wand of mindburst (6)
 r - a wand of charming (12)
 y - a wand of roots (1)
 G - a wand of polymorph (6)
Scrolls
 o - 4 scrolls of teleportation
 t - a scroll of fog
 C - 2 scrolls of blinking
 D - a scroll of fear
 E - a scroll of enchant weapon
Potions
 d - a potion of curing
 f - 3 potions of haste
 h - 4 potions of brilliance
 j - 6 potions of attraction
 m - a potion of invisibility
 q - 3 potions of flight
 s - a potion of mutation
 u - a potion of cancellation
 w - 3 potions of magic
 B - a potion of might


   Skills:
 + Level 7.7 Fighting
 - Level 14.0 Short Blades
 + Level 4.6 Armour
 - Level 5.1 Dodging
 - Level 6.8 Stealth
 - Level 4.4 Shields
 - Level 8.2 Invocations
 - Level 12.0 Evocations


You had 11 spell levels left.
You didn't know any spells.
Your spell library contained the following spells:

 Spells                   Type           Power      Damage    Failure   Level
 Beastly Appendage        Tmut           0%         N/A       100%        1
 Foxfire                  Conj/Fire      0%         2x1d4     100%        1
 Necrotise                Necr           0%         1d4       100%        1
 Blink                    Tloc           0%         N/A       100%        2
 Lesser Beckoning         Tloc           0%         N/A       100%        2
 Momentum Strike          Conj/Tloc      0%         3d8       100%        2
 Wereblood                Tmut           0%         N/A       100%        2
 Spider Form              Tmut/Pois      0%         N/A       100%        3
 Vampiric Draining        Necr           0%         2d6       100%        3
 Agony                    Necr           0%         N/A       100%        5
 Fireball                 Conj/Fire      0%         3d3       100%        5
 Plasma Beam              Fire/Air       0%         2x1d11    100%        6
 Starburst                Conj/Fire      0%         6d3       100%        6


Dungeon Overview and Level Annotations

Branches:
Dungeon (10/15)            Temple (1/1) D:6            Lair (4/5) D:9
 Shoals (0/4) Lair:2       Spider (0/4) Lair:2      Ossuary (visited)
  Slime: Lair:4-5       Orc: D:9-12

Altars:
Ashenzari
Cheibriados
Dithmenos
Elyvilon
Fedhas
Gozag
Hepliaklqana
Kikubaaqudgha
Makhleb
Nemelex Xobeh
Okawaru
Qazlal
Uskayaw
Vehumet
Wu Jian
Xom
Yredelemnul
Zin
The Shining One

Shops:
D:3 :   D:8 (?=(

Annotations:
D:4 2 runed translucent doors
D:5 2 runed translucent doors
D:6 1 transporter, flt's ghost, novice DgTm
D:7 1 runed translucent door, MacCMillion's ghost, novice DgHu
Lair:3 Amaemon; Rupert


Innate Abilities, Weirdness & Mutations

You are small and have problems with some larger weapons.
You are completely attuned to the shadows.


Message History

You puncture the bullfrog!
Your weapon exudes an aura of protection.
The bullfrog is moderately wounded.
The bullfrog hits you but does no damage.
You puncture the bullfrog!
The bullfrog is almost dead.
The bullfrog closely misses you.
Rupert shouts!
You hit the bullfrog.
You kill the bullfrog!
Makhleb accepts your kill. Rupert roars wildly at you.
You resist with almost no effort.
You see here a bullfrog corpse.
Press: ? - help, v - describe, . - travel
Here: Rupert, wielding a +0 great sword of holy wrath and wearing a +0 scale mail The floor.
You feel very mighty all of a sudden.
Rupert roars madly and goes into a rage!
Rupert goes berserk!
You puncture Rupert!
Rupert is lightly wounded.
Rupert hits you with a +0 great sword of holy wrath!!
You feel yourself speed up.
Rupert hits you with a +0 great sword of holy wrath!!
Unknown command.
You hit Rupert but do no damage.
Rupert is lightly wounded.
Rupert barely misses you.
You puncture Rupert!
Rupert is lightly wounded.
Rupert hits you with a +0 great sword of holy wrath!
You impale Rupert!!
Rupert is lightly wounded.
You puncture Rupert!
Rupert is moderately wounded.
You hit Rupert.
Rupert is moderately wounded.
Rupert hits you with a +0 great sword of holy wrath!!
You die...

#. .. # ## .. ##.
.. ...###.# ...
..
#..#.#..####.....
.#
....#....##......
#
..#.#...†#@.....
# #.#...#.@......
#.#.##...>....
#.#............
#.#...<.........
#.#..............
.#............#..
#.........<...#.
..............
............#


You could see Rupert (berserk).

Vanquished Creatures
  Kirke (Lair:2)
  A two-headed ogre (D:9)
  Pikel (D:6)
  3 black mambas
  5 cane toads
  A torpor snail (Lair:1)
  2 komodo dragons
  A polar bear (Lair:2)
  A tarantella (Lair:2)
  2 hornets
  Prince Ribbit (D:8)
  Grinder (D:4)
  A blink frog (Lair:2)
  21 yaks
  2 wyverns (Lair:1)
  A vampire (D:9)
  2 basilisks (Lair:1)
  A wraith (D:10)
  4 hogs (Lair:2)
  3 wargs (D:8)
  Edmund (D:4)
  2 water moccasins
  3 orc warriors
  2 ice beasts
  A sky beast (D:8)
  3 black bears
  5 wolves (Lair:1)
  5 centaurs
  A kobold brigand (D:8)
  Blork the orc (D:6)
  23 bullfrogs
  2 gnoll sergeants
  3 scorpions (D:6)
  A killer bee (D:7)
  A jelly (D:8)
  A hound (D:4)
  7 orc priests
  A sleepcap (D:7)
  A human zombie (D:4)
  6 iguanas
  6 orc wizards
  8 mummies (Ossuary)
  Robin (D:4)
  11 adders
  5 gnolls (D:8)
  3 shadow imps
  3 white imps
  An ufetubus (D:4)
  A dart slug (D:2)
  36 orcs
  9 endoplasms
  3 giant cockroaches
  14 goblins
  8 hobgoblins
  5 quokkas
  7 ball pythons
  8 bats
  3 frilled lizards
  2 gnoll zombies (Ossuary)
  A hobgoblin zombie (Ossuary)
  14 kobolds
  2 kobold zombies (Ossuary)
  3 orc zombies (Ossuary)
  8 rats
287 creatures vanquished.

Vanquished Creatures (others)
  An orc wizard (D:6)
  8 fungi
  20 plants
29 creatures vanquished.

Grand Total: 316 creatures vanquished

Notes
Turn   | Place    | Note
-------+----------+-------------------------------------------
     0 | D:1      | Ic0nGaming the Kobold Fighter began the quest for the Orb.
     0 | D:1      | Reached XP level 1. HP: 14/14 MP: 1/1
    75 | D:1      | Reached skill level 3 in Short Blades
   177 | D:1      | Reached XP level 2. HP: 14/19 MP: 2/2
   591 | D:1      | Reached skill level 4 in Short Blades
   647 | D:1      | Reached XP level 3. HP: 12/23 MP: 3/3
  1592 | D:1      | Reached skill level 5 in Short Blades
  1682 | D:2      | Reached XP level 4. HP: 16/28 MP: 4/4
  1745 | D:2      | Reached skill level 6 in Short Blades
  1745 | D:2      | Reached XP level 5. HP: 12/32 MP: 5/5
  2993 | D:3      | Found Idykhlial's Book Shop.
  3007 | D:3      | Identified the +4 sling of Sin {drain, rPois Str-3 Dex-4
                  | SInv Stlth+}
  3092 | D:3      | Reached skill level 7 in Short Blades
  3530 | D:4      | Reached XP level 6. HP: 37/37 MP: 6/6
  3566 | D:4      | Noticed Robin
  3588 | D:4      | Found a large runed translucent door.
  3588 | D:4      | Found a large runed translucent door.
  3606 | D:4      | Killed Robin
  3670 | D:4      | Found a sand-covered staircase.
  3692 | D:4      | Reached skill level 8 in Short Blades
  3718 | Ossuary  | Entered an ossuary
  3922 | Ossuary  | Reached skill level 9 in Short Blades
  4062 | Ossuary  | Identified a scroll of acquirement
  4062 | Ossuary  | Acquired 1226 gold pieces
  4140 | D:4      | Reached XP level 7. HP: 33/41 MP: 7/7
  4378 | D:4      | Noticed Grinder
  4383 | D:4      | Killed Grinder
  4384 | D:4      | Reached skill level 10 in Short Blades
  4426 | D:4      | Found a radiant altar of Vehumet.
  4673 | D:4      | Noticed Edmund
  4710 | D:4      | Killed Edmund
  4930 | D:5      | Entered Level 5 of the Dungeon
  4936 | D:5      | Reached XP level 8. HP: 46/46 MP: 8/8
  5366 | D:5      | Found an ancient bone altar of Kikubaaqudgha.
  5432 | D:5      | Found a glowing silver altar of Zin.
  5468 | D:5      | Found a runed translucent door.
  5480 | D:5      | Reached skill level 5 in Evocations
  5510 | D:5      | Found a runed translucent door.
  6110 | D:6      | Noticed Pikel
  6585 | D:6      | Killed Pikel
  6586 | D:6      | Reached skill level 12 in Short Blades
  6586 | D:6      | Reached XP level 9. HP: 39/51 MP: 9/9
  6698 | D:6      | Found a staircase to the Ecumenical Temple.
  6732 | D:6      | Noticed Blork the orc
  6741 | D:6      | Killed Blork the orc
  6877 | D:6      | Found an ornate altar of the Wu Jian Council.
  7221 | D:6      | Found a transporter.
  7223 | D:6      | Identified the +8 great mace "Maziara" {flame, Str+3}
  7223 | D:6      | Noticed a two-headed ogre
  7223 | D:6      | Noticed flt's ghost (novice DgTm)
  7404 | D:6      | Reached skill level 13 in Short Blades
  7628 | D:7      | Found a runed translucent door.
  7628 | D:7      | Noticed MacCMillion's ghost (novice DgHu)
  7877 | Temple   | Entered the Ecumenical Temple
  8156 | Temple   | Became a worshipper of Makhleb the Destroyer
  8552 | D:7      | Found an iron altar of Okawaru.
  8862 | D:7      | Found a hazy altar of Hepliaklqana.
  8996 | D:7      | Found a shimmering altar of Xom.
  9272 | D:8      | Found Liorare's Jewellery Shoppe.
  9291 | D:8      | Acquired the +3 rapier "Tahiperph" {protect, Will+ Int-2
                  | SInv}
  9299 | D:8      | Bought the ring of Attitude {rElec rN+ Will+ Str+2} for 663
                  | gold pieces
  9299 | D:8      | Bought a ring of poison resistance for 280 gold pieces
  9299 | D:8      | Bought an amulet of regeneration for 420 gold pieces
  9507 | D:8      | Reached skill level 14 in Short Blades
  9635 | D:8      | Reached skill level 1 in Stealth
  9635 | D:8      | Reached XP level 10. HP: 55/56 MP: 10/10
  9660 | D:8      | Noticed Prince Ribbit
  9663 | D:8      | Reached skill level 5 in Fighting
  9699 | D:8      | Killed Prince Ribbit
  9744 | D:8      | Found Zoit's Magic Scroll Boutique.
  9749 | D:8      | Bought a scroll of blinking for 105 gold pieces
  9749 | D:8      | Bought a scroll of blinking for 105 gold pieces
  9749 | D:8      | Bought a scroll of fear for 56 gold pieces
  9749 | D:8      | Bought 3 scrolls of identify for 84 gold pieces
  9763 | D:8      | Found Hetreec's Antique Weapon Shop.
 10098 | D:8      | Found a stormy altar of Qazlal.
 10437 | D:8      | Found Cautapro's Weapon Boutique.
 10785 | D:8      | Reached * piety under Makhleb
 10901 | D:8      | Reached skill level 5 in Stealth
 11102 | D:9      | Found a white marble altar of Elyvilon.
 11200 | D:9      | Noticed a two-headed ogre
 11633 | D:9      | Found a staircase to the Lair.
 12042 | D:9      | Found a broken altar of Ashenzari.
 12270 | D:9      | Killed a two-headed ogre
 12271 | D:9      | Reached XP level 11. HP: 67/67 MP: 11/14
 12314 | D:9      | Reached skill level 5 in Invocations
 12584 | D:10     | Entered Level 10 of the Dungeon
 12941 | Lair:1   | Entered Level 1 of the Lair of Beasts
 13087 | Lair:1   | Reached ** piety under Makhleb
 13271 | Lair:1   | Reached skill level 1 in Dodging
 14224 | Lair:2   | Reached XP level 12. HP: 57/72 MP: 18/18
 14399 | Lair:2   | Reached skill level 5 in Dodging
 14427 | Lair:2   | Found a staircase to the Shoals.
 14532 | Lair:2   | Found a gate leading to a gauntlet.
 14619 | Lair:2   | Found a hole to the Spider Nest.
 14964 | Lair:2   | Identified the ring of Bochahon {+Blink rC+ Will+ Int+3}
 15122 | Lair:2   | Reached skill level 10 in Evocations
 15349 | Lair:3   | Noticed Kirke
 15388 | Lair:3   | Noticed Rupert
 15436 | Lair:2   | Killed Kirke
 15436 | Lair:2   | Reached *** piety under Makhleb
 15571 | Lair:3   | Noticed Amaemon
 15869 | Lair:3   | Slain by Rupert

Illustrated notes

Levels and vault maps discovered:
D:1:      ncdulo_lavacross, layout_basic, minivault_26, kennysheep_minor_cross
D:2:      cheibrodos_pilgrimage, layout_basic, roderic_lattice_a,
          minmay_crystal_room
D:3:      layout_loops_ring, serial_shops, shop_fountains
D:4:      layout_rooms, nicolae_vehumet_radiance, jmf_multi_god_temple2,
          enter_ossuary_3, kennysheep_generic_room_6, uniq_grinder, uniq_robin,
          uniq_edmund
D:5:      layout_cave_pools, zin_academy, mainiacjoe_overflow_catwalk,
          ebering_ghost_sewer_f
D:6:      layout_basic, nzn_wu_jian_contemplation, minmay_temple_entry_arrows,
          gammafunk_ghost_smash, uniq_pikel, uniq_blork_the_orc
D:7:      layout_gridville, marbit_many_paths, old_standard_altar,
          nicolae_hepliaklqana_hippocampus, hellmonk_ghost_happy_afterlife,
          hangedman_decor_peaks_small, minmay_small_thing
D:8:      layout_basic, nicolae_qazlal_general_emergency, serial_shops,
          nicolae_stop_n_shop_1, nicolae_stop_n_shop_2, nicolae_shop_stone,
          nicolae_take_the_stairs, uniq_prince_ribbit1
D:9:      layout_cave_pools, kennysheep_mini_moat, mainiacjoe_overflow_paths,
          erik_lair_orcish_takeover
D:10:     layout_stronghold, trog_wizard, orc_0_dummy, serial_column_ruins,
          column_ruins_hut_water, column_ruins_corridor_straight,
          column_ruins_grid_1, column_ruins_open_tiny,
          column_ruins_corridor_straight
Temple:   compressed_dpeg_triangle_lava_temple
Lair:1:   layout_small_grid, lemuel_fruit_tree, grunt_megastairs_3,
          infiniplex_staircase_pool_2, lemuel_fruit_fields
Lair:2:   layout_gridlike, minmay_shoals_entry_centaurs,
          spider_nest_entry_rubble, gauntlet_entry_generic,
          nicolae_quartered_pool_impasse, beast_lair_carwin_1
Lair:3:   hangedman_what_comes_after_a, layout_misc_corridors,
          portal_ice_cave_entry_imps, special_room [special_room_mythical_zoo],
          basic_altar, beast_lair_carwin_4, serial_bayou_shore_b, uniq_kirke,
          uniq_amaemon, uniq_rupert
Lair:4:   cheibrodos_lair_overgrown_chateau, layout_regular_city,
          grunt_megastairs_5

Skill      XL: |  1  2  3  4  5  6  7  8  9 10 11 12 |
---------------+-------------------------------------+-----
Short Blades   | 3 4 5 6 7 9 10 12 14 | 14.0
Evocations     | 3 8 9 12 | 12.0
Fighting       | 4 7 |  7.7
Stealth        | 1 6 |  6.8
Invocations    | 4 8 |  8.2
Dodging        | 4 5 |  5.1
Armour         | 3 4 |  4.6
Shields        | 3 4 |  4.4

Action                     |  1- 3 |  4- 6 |  7- 9 | 10-12 || total
---------------------------+-------+-------+-------+-------++-------
  Melee: Rapier            |   105 |   201 |   387 |  1018 ||  1711
  Throw: Dart              |       |       |       |    10 ||    10
  Evoke: Wand              |       |       |    12 |     4 ||    16
    Use: Scroll            |     4 |     8 |     9 |     7 ||    28
         Potion            |     1 |     3 |     4 |     9 ||    17
   Stab: Sleeping          |     2 |     3 |       |       ||     5
 Armour: Scale mail        |    39 |    55 |     7 |       ||   101
         Skin              |       |       |    16 |    21 ||    37
         Chain mail        |       |       |   104 |    14 ||   118
         Plate armour      |       |       |       |   388 ||   388
  Dodge: Dodged            |    77 |    69 |    81 |   219 ||   446
  Block: Buckler           |    33 |    31 |    93 |   240 ||   397

Table legend: (Time is in decaauts)
 A = Elapsed time spent in this place.
 B = Non-inter-level travel time spent in this place.
 C = Inter-level travel time spent in this place.
 D = Time resting spent in this place.
 E = Time spent auto-exploring this place.
 F = Levels seen in this place.
 G = Mean time per level.
                   A        B        C        D        E       F      G
               +--------+--------+--------+--------+--------+-----+--------+
         Total |  15292 |  14839 |    453 |   4223 |   7505 |  16 |  955.8 |
       Dungeon |  12015 |  11707 |    308 |   3738 |   5866 |  10 | 1201.5 |
        Temple |    290 |    280 |     10 |      0 |    243 |   1 |  290.0 |
          Lair |   2632 |   2498 |    134 |    413 |   1315 |   4 |  658.0 |
       Ossuary |    353 |    353 |      0 |     72 |     81 |   1 |  353.0 |
               +--------+--------+--------+--------+--------+-----+--------+

Top non-repeatable levels by time:
     D:8: 1997 daAuts
     D:1: 1505 daAuts
  Lair:2: 1479 daAuts
     D:6: 1354 daAuts
     D:7: 1268 daAuts
     D:4: 1224 daAuts
     D:9: 1194 daAuts
     D:2: 1177 daAuts
     D:5: 1133 daAuts
  Lair:1: 1051 daAuts
     D:3: 841 daAuts
 Ossuary: 353 daAuts
    D:10: 317 daAuts
  Temple: 290 daAuts
  Lair:4: 57 daAuts
